Map: 세룰리안 폴 - 래더

Players

Rail

  • Race: Protoss Protoss
  • League: Master
  • Spawn Location: 7:00

Rogue - Winner!

  • Race: Zerg Zerg
  • Spawn Location: 1:00

Event: HomeStory Cup XVIII

VOD

Have the link to the VOD?

Description

Time

  • Played on: Nov. 22, 2018, 10:26 a.m.
  • Length: 15:17

All games in this series

Show
View Real Time Build Order
Export as new Build Order

Rail Protoss 

Build Orders: 1 Gate Expand, Oracle Opening, Phoenix Opening 

Get SALT Encoding   

  12  0:01  Probe  
  13  0:13  Probe  
  14  0:19  Pylon  
  14  0:24  Probe  
  15  0:33  Probe  
  15  0:39  Gateway  
  15  0:41  Probe  
  16  0:48  Assimilator  
  17  0:52  Probe  
  18  1:04  Probe  
  19  1:22  Nexus  
  19  1:31  Cybernetics Core  
  19  1:35  Probe  
  20  1:40  Assimilator  
  21  1:47  Probe  
  21  1:51  Pylon  
  21  1:56  Probe  
  21  2:00  Adept  
  22  2:04  Probe  
  22  2:13  Probe  
  25  2:21  Stargate  
  26  2:26  Probe  
  27  2:30  Adept  
  27  2:34  Probe  
  30  2:38  Probe  
  30  2:39  Warp Gate  
  30  2:43  Probe  
  31  2:51  Probe x2  
  33  2:56  Oracle  
  34  3:00  Probe  
  34  3:03  Probe  
  36  3:12  Probe  
  40  3:15  Probe  
  40  3:18  Pylon  
  41  3:24  Probe  
  44  3:27  Probe  
  44  3:29  Pylon  
  45  3:35  Phoenix  
  45  3:39  Probe  
  45  3:40  Twilight Council  
  46  3:43  Probe  
  46  3:47  Assimilator  
  47  3:49  Pylon  
  47  3:50  Adept  
  47  3:51  Probe  
  50  3:57  Probe  
  51  4:03  Resonating Glaives, Probe  
  53  4:10  Probe  
  53  4:15  Probe  
  54  4:24  Pylon  
  54  4:26  Gateway  
  54  4:31  Gateway x2  
  54  4:33  Gateway  
  54  4:37  Gateway  
  54  4:41  Nexus  
  54  4:46  Adept  
  54  4:52  Robotics Facility  
  56  4:57  Assimilator  
  56  5:01  Shield Battery  
  56  5:06  Pylon, Adept  
  58  5:08  Probe x2  
  60  5:23  Probe  
  60  5:24  Adept  
  60  5:25  Adept  
  60  5:28  Adept x3  
  67  5:35  Adept  
  73  5:36  Warp Prism  
  73  5:42  Probe  
  76  5:45  Adept  
  76  5:47  Adept  
  81  5:50  Probe  
  81  5:52  Robotics Bay  
  81  5:54  Probe  
  82  5:57  Probe  
  82  6:02  Probe  
  84  6:06  Sentry, Immortal  
  84  6:07  Probe  
  87  6:11  Probe  
  87  6:12  Sentry x2  
  87  6:17  Probe  
  97  6:20  Probe  
  97  6:22  Shield Battery  
  97  6:23  Pylon  
  97  6:24  Zealot  
  100  6:26  Pylon  
  100  6:29  Pylon  
  100  6:33  Probe  
  100  6:34  Pylon, Disruptor  
  100  6:39  Adept  
  101  6:46  Probe x2  
  107  6:47  Probe  
  107  6:55  Gateway  
  107  7:00  Disruptor  
  107  7:01  Gateway  
  108  7:03  Assimilator  
  108  7:06  Gateway  
  108  7:07  Gateway, Sentry x2  
  113  7:09  Stalker x2  
  118  7:16  Adept x2  
  118  7:20  Pylon  
  118  7:36  Observer  
  111  7:47  Disruptor  
  111  7:49  Adept x4  
  111  7:50  Adept x3  
  120  8:02  Adept x3  
  124  8:11  Adept x2  
  124  8:12  Adept x2  
  127  8:15  Adept  
  127  8:16  Adept  
  127  8:17  Colossus  
  133  8:24  Adept  
  137  8:32  Assimilator  
  136  8:38  Probe  
  136  8:40  Forge  
  136  8:41  Forge  
  137  8:44  Probe  
  137  8:47  Charge  
  138  8:51  Probe  
  138  8:53  Pylon  
  138  8:54  Pylon  
  139  8:58  Extended Thermal Lance  
  139  9:02  Colossus  
  139  9:09  Robotics Facility  
  139  9:10  Pylon  
  139  9:11  Pylon  
  139  9:16  Protoss Ground Armor Level 1, Protoss Ground Weapons Level 1  
  145  9:19  Zealot x2  
  145  9:20  Zealot x3, Stalker  
  157  9:32  Zealot x4  
  157  9:37  Pylon  
  159  9:40  Nexus  
  159  9:42  Templar Archives  
  159  9:43  Zealot, Immortal  
  157  9:54  Immortal  
  157  9:56  Shield Battery  
  161  10:02  Photon Cannon  
  165  10:07  Zealot  
  149  10:18  Zealot x3  
  147  10:23  Adept  
  147  10:24  Adept  
  151  10:30  Immortal  
  151  10:39  Immortal  
  151  10:40  Sentry  
  151  10:42  Zealot  
  157  10:47  Adept  
  157  10:48  Adept  
  161  10:52  Stalker  
  163  11:03  Protoss Ground Weapons Level 2  
  143  11:05  Adept x3  
  143  11:11  Immortal  
  140  11:14  Pylon  
  136  11:23  Immortal  
  136  11:24  Sentry  
  142  11:25  High Templar x2  
  142  11:30  High Templar x2  
  150  11:33  Archon  
  150  11:34  Archon  
  150  11:42  Immortal  
  150  11:51  Warp Prism  
  128  11:57  Zealot, Sentry  
  128  11:58  Zealot, High Templar  
  128  11:59  High Templar, Zealot  
  128  12:00  Protoss Shields Level 1  
  133  12:03  Archon  
  135  12:14  Observer  
  136  12:23  Immortal  
  140  12:34  Immortal  
  144  12:41  High Templar x2  
  144  12:42  Zealot x5  
  158  12:46  Archon  
  158  12:51  Adept x2  
  162  13:05  Nexus  
  162  13:07  Immortal  
  162  13:12  High Templar x2, Zealot x2  
  174  13:16  Archon  
  174  13:18  Immortal  
  178  13:24  Pylon  
  178  13:31  High Templar x2, Zealot x2  
  186  13:36  Zealot, Archon  
  156  13:52  High Templar x2  
  156  13:53  Zealot x4  
  154  14:03  Archon  
  154  14:06  Zealot x2  
  154  14:07  Zealot  
  152  14:18  High Templar x2, Zealot  
  152  14:23  Archon  
  150  14:25  Zealot  
  150  14:26  Zealot  
  125  14:35  High Templar x2  
  125  14:36  Zealot  
  123  14:40  Archon  
  123  14:41  Zealot x2  
  107  14:50  Zealot x2  
  95  15:02  High Templar  
  95  15:03  High Templar, Zealot  
  95  15:09  Zealot, Archon  
  95  15:10  Zealot  
Show
View Real Time Build Order
Export as new Build Order

Rogue Zerg - Winner!

Build Orders: Hatch First, Roach Hydra, Swarm Host 

Get SALT Encoding   

  12  0:00  Drone  
  13  0:12  Overlord  
  13  0:17  Drone  
  14  0:31  Drone x2  
  16  0:50  Hatchery  
  16  0:51  Drone  
  16  0:55  Drone  
  17  0:59  Drone  
  18  1:10  Extractor  
  17  1:14  Spawning Pool  
  17  1:17  Drone  
  17  1:21  Drone  
  18  1:30  Drone  
  19  1:39  Drone  
  20  1:49  Hatchery  
  20  1:52  Drone  
  20  2:01  Queen  
  20  2:04  Drone  
  20  2:08  Drone  
  24  2:12  Drone  
  24  2:14  Drone  
  26  2:19  Metabolic Boost  
  26  2:25  Overlord  
  26  2:31  Zergling x2  
  26  2:33  Zergling x2  
  28  2:43  Queen x2  
  32  2:47  Zergling x2  
  32  2:49  Drone  
  34  2:52  Drone  
  35  3:00  Drone  
  35  3:01  Queen  
  35  3:04  Overlord  
  38  3:09  Drone x2  
  38  3:12  Drone  
  41  3:14  Drone  
  41  3:18  Overlord  
  42  3:23  Queen  
  44  3:28  Drone x2  
  44  3:32  Drone x2  
  48  3:36  Spore Crawler  
  48  3:39  Drone, Spore Crawler  
  47  3:43  Drone x2  
  49  3:51  Overlord  
  49  3:53  Drone x4  
  53  4:03  Drone x5  
  53  4:07  Overlord  
  53  4:08  Overlord  
  58  4:19  Drone x6  
  58  4:23  Lair  
  64  4:27  Extractor  
  64  4:28  Extractor, Drone x2  
  64  4:33  Zergling x6  
  64  4:35  Drone x4  
  71  4:43  Roach Warren  
  71  4:44  Overlord x2  
  70  4:45  Drone  
  70  4:50  Drone x2  
  73  4:52  Overlord  
  73  4:58  Extractor x2  
  73  4:59  Drone  
  72  5:05  Overlord  
  72  5:06  Drone x2  
  74  5:07  Drone  
  74  5:08  Drone x3  
  74  5:10  Overlord  
  76  5:24  Roach  
  76  5:25  Roach x6  
  90  5:28  Hydralisk Den, Glial Reconstitution  
  90  5:33  Zergling x2  
  90  5:34  Zergling x4  
  91  5:42  Roach x6  
  102  5:44  Zergling x4  
  104  5:50  Spine Crawler, Roach  
  104  5:55  Roach x2  
  108  5:58  Grooved Spines  
  108  6:02  Overlord, Roach x2  
  108  6:03  Overlord  
  112  6:17  Overlord x2  
  112  6:18  Overlord x2, Evolution Chamber  
  111  6:25  Hydralisk x5  
  113  6:31  Hydralisk x3  
  127  6:33  Overseer  
  125  6:41  Hydralisk  
  125  6:42  Hydralisk x2  
  129  6:49  Roach x3  
  134  6:55  Roach x4  
  134  6:56  Zergling x2  
  142  7:02  Hatchery, Roach  
  142  7:03  Roach x2  
  142  7:06  Overlord  
  147  7:11  Ravager x2  
  147  7:13  Zergling x2  
  147  7:14  Zergling x12  
  156  7:17  Ravager  
  157  7:28  Zergling x10  
  161  7:36  Zergling x2  
  149  7:37  Zergling x12  
  149  7:40  Roach  
  147  7:49  Roach  
  147  7:50  Roach x2  
  145  7:56  Extractor  
  145  7:57  Zerg Missile Weapons Level 1  
  145  7:58  Infestation Pit, Zergling x8  
  144  8:02  Roach  
  130  8:05  Roach  
  130  8:06  Roach x3  
  135  8:18  Roach x6  
  139  8:28  Drone x6  
  139  8:34  Overlord x2  
  139  8:38  Ravager x2  
  140  8:44  Drone  
  141  8:52  Swarm Host x8  
  165  8:58  Extractor x2  
  165  9:01  Swarm Host x2  
  169  9:03  Zergling x16  
  169  9:07  Overlord  
  169  9:08  Overlord  
  177  9:10  Drone  
  177  9:11  Drone  
  179  9:17  Swarm Host  
  179  9:21  Hive  
  182  9:27  Swarm Host  
  182  9:28  Swarm Host x2  
  187  9:39  Swarm Host x2  
  187  9:41  Swarm Host  
  187  9:45  Zergling x8  
  200  9:52  Hatchery  
  200  9:57  Muscular Augments  
  199  10:01  Overseer  
  199  10:02  Pneumatized Carapace  
  190  10:26  Roach x10  
  194  10:40  Roach x2  
  194  10:41  Roach x3  
  186  10:50  Roach x4  
  186  10:51  Roach x3  
  189  11:08  Roach  
  189  11:09  Roach x4  
  183  11:20  Hydralisk x7  
  183  11:22  Overlord  
  183  11:24  Overseer x2  
  197  11:27  Overseer  
  197  11:40  Overlord  
  195  11:50  Viper x2  
  196  11:57  Viper  
  181  12:01  Hydralisk x9  
  181  12:06  Zerg Missile Weapons Level 2  
  199  12:14  Hatchery  
  198  12:15  Evolution Chamber  
  198  12:16  Drone x3  
  198  12:17  Evolution Chamber  
  198  12:19  Drone  
  200  13:23  Spire  
  193  13:51  Overlord x3  
  171  13:56  Hydralisk  
  171  13:57  Hydralisk x3  
  175  14:07  Hydralisk x4  
  175  14:09  Overlord x2  
  177  14:12  Hydralisk  
  177  14:13  Hydralisk x15  
  197  14:25  Hydralisk  
  177  14:38  Hydralisk x3  
  177  14:39  Hydralisk x10  
  177  14:45  Hydralisk x8  
  185  14:52  Hydralisk x4  
  187  14:58  Zergling x8  
Tags
 
Add a new tag
Caveats
  • Supply blocks, unpowered buildings, or Contaminate may cause inaccurate times.
  • Supply counts are checked every 10 seconds.